 Dungeon Crawl Stone Soup version 0.27-a0-380-g150de4c316 (webtiles) character file.

Game seed: 12411703672480273869

4 night the Sneak (level 1, -1/13 HPs)
             Began as a Kobold Brigand on Feb 17, 2021.
             Slain by a jackal (3 damage)
             ... on level 1 of the Dungeon.
             The game lasted 00:00:27 (59 turns).

night the Sneak (Kobold Brigand)                      Turns: 59, Time: 00:00:27

Health: -1/13      AC:  3    Str:  8    XL:     1   Next: 66%
Magic:  1/1        EV: 14    Int: 12    God:
Gold:   0          SH:  0    Dex: 16    Spells: 0/0 levels left

rFire    . . .     SeeInvis .   f - +1 dagger (elec)
rCold    . . .     Faith    .   (shield restricted)
rNeg     . . .     Spirit   .   b - +0 robe
rPois    .         Reflect  .   (no helmet)
rElec    .         Harm     .   c - +0 cloak
rCorr    .         Rampage  .   (no gloves)
Will     .....                  (no boots)
Stlth    ++++......             (no amulet)
HPRegen  0.04/turn              (no ring)
MPRegen  0.07/turn              (no ring)

@: no status effects
A: small, nightstalker 3
a: no special abilities


You were on level 1 of the Dungeon.
You visited 1 branch of the dungeon, and saw 1 of its levels.

Inventory:

Hand Weapons
 a - a +2 dagger
 f - a +1 dagger of electrocution (weapon)
Missiles
 d - 8 poisoned darts (quivered)
 e - 2 curare-tipped darts
Armour
 b - a +0 robe (worn)
 c - a +0 cloak (worn)


   Skills:
 + Level 2.3 Fighting
 + Level 2.9 Short Blades
 - Level 2.1 Throwing
 - Level 1.2 Dodging
 + Level 5.4 Stealth


You couldn't memorise any spells.
You didn't know any spells.
Your spell library was empty.

Dungeon Overview and Level Annotations

Branches:
Dungeon (1/15)

Altars:


Innate Abilities, Weirdness & Mutations

You are small and have problems with some larger weapons.
You are completely attuned to the shadows.


Message History

Welcome, night the Kobold Brigand.
Will you be the one to retrieve the legendary Orb of Zot from the depths?
Press ? for a list of commands and other information.
Found a staircase leading out of the dungeon.
Found a glowing dagger.
Found a dagger.
You see here a glowing dagger.
You hear the crackle of electricity.
f - a +1 dagger of electrocution (weapon)
A jackal and a dart slug come into view.
The dart slug launches a dart at you.
The slug dart misses you. 2 jackals come into view.
The jackal barks! x2; You hear a bark!
The jackal barks!
A jackal comes into view.
The dart slug launches a dart at you. The slug dart hits you.
The jackal moves out of view.
You hit the jackal but do no damage. Lightning courses through the jackal!
You kill the jackal!
The jackal barely misses you.
You hit the jackal but do no damage. The jackal misses you.
You barely miss the jackal. The jackal completely misses you.
You hit the dart slug.
Lightning courses through the dart slug!
You kill the dart slug!
The jackal closely misses you. The jackal completely misses you.
The jackal bites you. The jackal bites you.
The jackal bites you but does no damage.
You closely miss the jackal. The jackal bites you.
* * * LOW HITPOINT WARNING * * *
The jackal bites you.
You die...

#.#.#+## ..
#.......
#.......
####.......
...........
####.######
#hh....
#h#.###
#.#@#...
#.#.#####
#.#.#
###.#.#
......#
#####.#
.....#
#######.#
#.......#


You could see 3 jackals.

Vanquished Creatures
  A dart slug (D:1)
  A jackal (D:1)
2 creatures vanquished.

Notes
Turn   | Place    | Note
-------+----------+-------------------------------------------
     0 | D:1      | night the Kobold Brigand began the quest for the Orb.
     0 | D:1      | Reached XP level 1. HP: 12/12 MP: 1/1
    59 | D:1      | Slain by a jackal

Illustrated notes

Levels and vault maps discovered:
D:1:      matt_arrival_spirals, layout_basic

Action                   || total
-------------------------++-------
Melee: Dagger            ||     5
Armor: Robe              ||     1
Dodge: Dodged            ||     6

Table legend: (Time is in decaauts)
 A = Elapsed time spent in this place.
 B = Non-inter-level travel time spent in this place.
 C = Inter-level travel time spent in this place.
 D = Time resting spent in this place.
 E = Time spent auto-exploring this place.
 F = Levels seen in this place.
 G = Mean time per level.
                   A        B        C        D        E       F      G
               +--------+--------+--------+--------+--------+-----+--------+
         Total |     58 |     58 |      0 |      0 |     35 |   1 |   58.0 |
       Dungeon |     58 |     58 |      0 |      0 |     35 |   1 |   58.0 |
               +--------+--------+--------+--------+--------+-----+--------+

Top non-repeatable levels by time:
     D:1: 58 daAuts
